AoeStats
← MrPulverizator

Arena

506435839Analyzed
4v4 RM · 20d ago on Sep 13, 2026· 43m 12s· 8 players
Game mode
Random Map
Map size
Large (8 player)
Population
200
Speed
Normal
Resources
Standard
Victory
Conquest
Starting age
Dark Age
Ending age
Imperial Age
RankedLock teamsTeams togetherTeam positionsShared explorationLock speedFull tech treeHidden civsTurbo modeCheats
Victory
Defeat
🇨🇳 Slavs · China
988
+14
🇨🇳 Bohemians · China
962
+15
🇨🇳 Byzantines · China
940
+16
🇨🇳 Franks · China
926
+17
🇷🇴 Inca · Romania
969
-16
🇷🇴 Romans · Romania
957
-16
🇨🇭 Hindustanis · Switzerland
948
-16
🇷🇴 Khmer · Romania
909
-14
pelicanul
10:50 Feudal Age
11:26 Loom
12:49 Wheelbarrow
17:36 Castle Age
16:53 Double-Bit Axe
16:50 Horse Collar
19:16 Bow Saw
21:04 Man-at-Arms
21:46 Squires
21:47 Scale Mail Armor
21:59 Forging
21:56 Heavy Plow
21:53 Long Swordsman
28:30 Stone Mining
28:37 Gold Mining
33:37 Imperial Age
32:15 Gold Shaft Mining
34:32 Ballistics
34:14 Heavy Scorpion
35:20 Hand Cart
35:03 Legionary
Takumi
12:47 Feudal Age
14:04 Wheelbarrow
17:54 Castle Age
16:43 Horse Collar
16:52 Double-Bit Axe
18:50 Hand Cart
21:41 Town Watch
22:15 Bow Saw
23:35 Heavy Plow
33:15 Pikeman
33:56 Squires
34:06 Scale Mail Armor
35:04 Forging
43:54 Iron Casting
43:34 Chain Mail Armor
MrPulverizator
11:37 Feudal Age
12:04 Double-Bit Axe
14:10 Horse Collar
21:43 Castle Age
21:53 Scale Barding Armor
25:22 Wheelbarrow
24:39 Town Watch
34:52 Bow Saw
34:47 Heavy Plow
Babadudagum
4:37 Loom
11:00 Feudal Age
13:59 Horse Collar
14:13 Double-Bit Axe
18:35 Castle Age
19:24 Bloodlines
26:45 Wheelbarrow
26:34 Light Cavalry
33:14 Imperial Age
31:05 Hand Cart
30:35 Town Watch
31:56 Heavy Plow
32:11 Husbandry
33:27 Forging
33:23 Scale Barding Armor
33:09 Fletching
35:36 Iron Casting
35:22 Chain Barding Armor
35:43 Bodkin Arrow
35:52 Padded Archer Armor
37:03 Heavy Camel Rider
38:45 Blast Furnace
38:22 Plate Barding Armor
37:43 Hussar
39:48 Imperial Camel Rider
Mita Lover
12:11 Feudal Age
16:30 Castle Age
15:08 Double-Bit Axe
31:58 Wheelbarrow
32:00 Bow Saw
31:53 Gold Mining
35:56 Imperial Age
34:27 Hand Cart
35:22 Forging
35:18 Scale Barding Armor
37:36 Conscription
36:38 Cavalier
37:41 Husbandry
37:44 Chivalry
40:01 Iron Casting
41:05 Paladin
44:15 Blast Furnace
43:35 Chain Barding Armor
华夏最大根
10:42 Feudal Age
14:49 Castle Age
13:59 Double-Bit Axe
13:57 Horse Collar
16:10 Heavy Plow
18:10 Bow Saw
23:03 Stone Mining
25:08 Gold Mining
26:45 Gold Shaft Mining
26:07 Loom
31:09 Imperial Age
29:17 Wheelbarrow
29:25 Stone Shaft Mining
28:13 Pikeman
29:25 Squires
31:13 Scale Mail Armor
31:19 Scale Barding Armor
31:25 Forging
32:19 Crop Rotation
32:53 Chemistry
31:26 Halberdier
32:36 Conscription
34:44 Logistica
34:54 Hand Cart
35:45 Ballistics
37:14 Elite Cataphract
39:37 Chain Barding Armor
39:53 Iron Casting
40:57 Fortified Wall
42:36 Hoardings
重案组之虎
12:10 Feudal Age
16:37 Castle Age
14:49 Double-Bit Axe
14:47 Horse Collar
18:20 Bow Saw
18:11 Heavy Plow
29:14 Chemistry
34:25 Imperial Age
32:35 Wheelbarrow
33:50 Hand Cart
34:45 Houfnice
36:00 Padded Archer Armor
36:40 Town Watch
36:40 Loom
37:08 Wagenburg Tactics
37:24 Conscription
37:17 Pikeman
37:58 Squires
37:43 Arson
38:22 Forging
38:12 Scale Mail Armor
38:28 Leather Archer Armor
38:14 Halberdier
39:28 Ballistics
39:28 Bombard Tower
38:50 Treadmill Crane
39:23 Masonry
39:56 Iron Casting
42:07 Two-Man Saw
lotus
11:15 Feudal Age
11:37 Horse Collar
12:25 Double-Bit Axe
13:26 Wheelbarrow
18:03 Castle Age
17:01 Stone Mining
17:04 Gold Mining
27:09 Bow Saw
31:58 Imperial Age
30:10 Detinets
30:14 Scale Mail Armor
30:24 Forging
30:20 Padded Archer Armor
30:11 Fletching
30:33 Heavy Plow
30:23 Pikeman
31:04 Squires
31:52 Ballistics
31:54 Chain Mail Armor
32:02 Halberdier
33:59 Chemistry
33:28 Heavy Scorpion
35:09 Conscription
34:50 Bodkin Arrow
37:13 Hand Cart
36:44 Town Watch
37:38 Iron Casting
37:34 Plate Mail Armor
38:12 Elite Boyar
42:11 Druzhina
42:48 Town Patrol
42:34 Loom
43:21 Crop Rotation
43:54 Two-Man Saw
43:57 Blast Furnace
43:02 Scale Barding Armor
43:09 Masonry
44:02 Leather Archer Armor
Connection lost

Rejoining the realm…

Still unreachable

The connection could not be restored.

Session expired

The server has moved on; the page needs a fresh start.